AoeStats
← jaquelinewu

Black Forest

510319079Analyzed
2v2 RM · 2d ago on Sep 30, 2026· 70m 43s· 4 players
Game mode
Random Map
Map size
Medium (4 player)
Population
200
Speed
Normal
Resources
Standard
Victory
Conquest
Starting age
Dark Age
Ending age
Imperial Age
RankedLock teamsTeams togetherTeam positionsShared explorationLock speedFull tech treeHidden civsTurbo modeCheats
Victory
Defeat
🇫🇷 Spanish · France
830
+14
🇮🇪 Britons · Ireland
768
+16
823
-43
🇨🇳 Spanish · China
733
-13
jaquelinewu
0:29 Loom
11:37 Feudal Age
13:53 Bloodlines
15:57 Forging
18:11 Scale Barding Armor
23:11 Horse Collar
24:49 Stone Mining
26:35 Double-Bit Axe
29:28 Castle Age
30:58 Stone Shaft Mining
30:38 Bow Saw
30:32 Heavy Plow
37:15 Chain Barding Armor
45:07 Husbandry
45:30 Ballistics
50:03 Imperial Age
47:26 Gold Mining
51:15 Conscription
51:45 Plate Barding Armor
54:20 Cavalier
56:18 Padded Archer Armor
56:09 Fletching
55:57 Capped Ram
57:13 Elite Skirmisher
57:35 Siege Ram
59:58 Two-Man Saw
65:53 Fervor
66:21 Illumination
下北泽の突击手广井
4:02 Loom
14:41 Feudal Age
15:38 Gold Mining
15:41 Double-Bit Axe
20:08 Forging
20:04 Scale Barding Armor
23:42 Castle Age
23:32 Stone Mining
25:33 Chain Barding Armor
25:48 Iron Casting
33:42 Imperial Age
35:49 Conscription
36:03 Cavalier
39:26 Plate Barding Armor
41:21 Blast Furnace
43:35 Paladin
46:03 Husbandry
46:27 Husbandry
52:13 Wheelbarrow
Agency ProNoob
2:08 Loom
11:40 Feudal Age
13:13 Double-Bit Axe
19:59 Wheelbarrow
28:29 Castle Age
30:02 Bow Saw
30:35 Pikeman
31:15 Squires
31:43 Hand Cart
33:45 Caravan
33:58 Stone Mining
41:30 Imperial Age
45:06 Conscription
49:17 Chemistry
48:38 Ballistics
48:13 Murder Holes
49:07 Coinage
48:56 Guilds
49:55 Two-Man Saw
49:15 Halberdier
50:04 Scale Barding Armor
50:00 Scale Mail Armor
50:10 Forging
49:51 Fletching
50:01 Padded Archer Armor
50:32 Fortified Wall
50:43 Ballistics
50:38 Fortified Wall
50:39 Masonry
50:20 Guard Tower
50:15 Arrowslits
50:51 Bombard Tower
50:53 Shipwright
50:44 Clinker Construction
51:50 Chain Barding Armor
51:45 Chain Mail Armor
51:53 Elite Cannon Galleon
52:37 Elite Conquistador
55:20 Banking
54:48 Cavalier
55:29 Husbandry
56:23 Supremacy
56:04 Inquisition
56:43 Plate Barding Armor
56:39 Plate Mail Armor
56:44 Iron Casting
56:05 Bodkin Arrow
56:25 Leather Archer Armor
57:26 Paladin
60:04 Architecture
61:49 Blast Furnace
60:49 Bracer
Maily
0:59 Loom
13:16 Feudal Age
14:25 Fishing Lines
19:36 Castle Age
29:31 Forging
29:21 Scale Mail Armor
31:20 Wheelbarrow
30:54 Horse Collar
33:03 Iron Casting
32:44 Chain Mail Armor
32:30 Padded Archer Armor
32:20 Fletching
33:26 Hand Cart
33:15 Double-Bit Axe
34:02 Pikeman
34:42 Squires
34:55 Town Watch
38:40 Imperial Age
36:04 Arson
36:52 Caravan
37:57 Husbandry
39:27 Ballistics
39:03 Murder Holes
38:59 Heated Shot
39:13 Bodkin Arrow
39:33 Leather Archer Armor
41:02 Conscription
40:41 Cavalier
43:26 Blast Furnace
42:56 Plate Mail Armor
43:21 Yeomen
45:16 Chemistry
44:26 Masonry
45:28 Halberdier
46:44 Plate Mail Armor
46:20 Scale Barding Armor
46:16 Bracer
46:31 Leather Archer Armor
46:51 Fortified Wall
46:50 Town Patrol
48:47 Architecture
48:10 Guard Tower
48:01 Treadmill Crane
48:56 Warwolf
49:18 Leather Archer Armor
59:10 Keep
Connection lost

Rejoining the realm…

Still unreachable

The connection could not be restored.

Session expired

The server has moved on; the page needs a fresh start.